 Dungeon Crawl Stone Soup version 0.26-a0-712-ga5a9c9c9d0 (webtiles) character file.

Game seed: 12520172766597934260

16303 Gargoyl the Fighter (level 12, -6/97 HPs)
             Began as a Gnoll Abyssal Knight on Nov 1, 2020.
             Was an Elder of Lugonu.
             Splashed by a brown ugly thing's acid (10 damage)
             ... on level 11 of the Dungeon.
             The game lasted 00:24:09 (11350 turns).

Gargoyl the Fighter (Gnoll Abyssal Knight)         Turns: 11350, Time: 00:24:10

Health: -6/97      AC:  9    Str: 19    XL:     12   Next: 36%
Magic:  22/22      EV: 10    Int: 23    God:    Lugonu [****..]
Gold:   864        SH:  0    Dex: 15    Spells: 25/25 levels left

rFire    . . .     SeeInvis .   b - +6 great sword (holy)
rCold    . . .     Faith    .   (shield currently unavailable)
rNeg     + . .     Spirit   .   p - +0 plate armour
rPois    .         Reflect  .   (no helmet)
rElec    .         Harm     .   (no cloak)
rCorr    .         Rampage  .   k - +1 pair of gloves
MR       .....                  B - +0 pair of boots
Stlth    ..........             u - amulet of regeneration
HPRegen  0.66/turn              o - ring of positive energy
MPRegen  0.18/turn              E - +6 ring of intelligence

@: corroded
A: distributed training, claws 1, fangs 1, clever 1, strong nose
a: Depart the Abyss, Bend Space, Banish, Corrupt, Renounce Religion


You were on level 11 of the Dungeon.
You worshipped Lugonu.
Lugonu was greatly pleased with you.
You visited 1 branch of the dungeon, and saw 12 of its levels.
You visited the Abyss 2 times.

You collected 864 gold pieces.

Inventory:

Hand Weapons
 a - a +1 hand axe
 b - a +6 great sword of holy wrath (weapon)
 z - a +0 broad axe
 C - a +1 war axe of draining
Missiles
 t - 82 poisoned darts
 G - 7 curare-tipped darts (quivered)
Armour
 f - a +3 ring mail
 k - a +1 pair of gloves (worn)
 p - a +0 plate armour (worn)
 B - a +0 pair of boots (worn)
Jewellery
 o - a ring of positive energy (left hand)
 u - an amulet of regeneration (around neck)
 E - a +6 ring of intelligence (right hand)
Wands
 i - a wand of acid (20)
 n - a wand of random effects (18)
 y - a wand of enslavement (24)
 A - a wand of flame (1)
Scrolls
 g - 4 scrolls of remove curse
 j - 2 scrolls of fog
 m - a scroll of magic mapping
 r - 10 scrolls of teleportation
 v - 4 scrolls of identify
 D - 2 scrolls of fear
Potions
 c - 4 potions of curing
 d - 2 potions of stabbing
 e - 4 potions of flight
 h - 3 potions of might
 l - a potion of cancellation
 q - 2 potions of ambrosia
 s - a potion of resistance
 w - a potion of heal wounds
 x - a potion of haste
 F - a potion of berserk rage
 H - 2 potions of brilliance {unknown}


   Skills:
 + Level 9.8 Fighting
 + Level 7.2 Short Blades
 + Level 7.2 Long Blades
 + Level 8.6 Axes
 + Level 7.2 Maces & Flails
 + Level 7.2 Polearms
 + Level 7.2 Staves
 + Level 7.2 Slings
 + Level 7.2 Bows
 + Level 7.2 Crossbows
 + Level 7.2 Throwing
 + Level 8.6 Armour
 + Level 7.7 Dodging
 + Level 7.2 Stealth
 + Level 7.2 Shields
 + Level 7.2 Unarmed Combat
 + Level 7.2 Spellcasting
 + Level 6.0 Conjurations
 + Level 6.0 Hexes
 + Level 6.0 Summonings
 + Level 6.0 Necromancy
 + Level 6.0 Translocations
 + Level 6.0 Transmutations
 + Level 6.0 Fire Magic
 + Level 6.0 Ice Magic
 + Level 6.0 Air Magic
 + Level 6.0 Earth Magic
 + Level 6.0 Poison Magic
 + Level 9.2 Invocations
 + Level 7.2 Evocations


You had 25 spell levels left.
You didn't know any spells.
Your spell library contained the following spells:

 Spells                   Type           Power        Failure   Level
 Animate Skeleton         Necr           #####.       14%         1
 Apportation              Tloc           #####.       14%         1
 Beastly Appendage        Tmut           #####.       14%         1
 Corona                   Hex            #####..      14%         1
 Magic Dart               Conj           ####         14%         1
 Shock                    Conj/Air       ####         14%         1
 Summon Small Mammal      Summ           ####         14%         1
 Blink                    Tloc           N/A          22%         2
 Call Imp                 Summ           #####...     22%         2
 Ensorcelled Hibernation  Hex/Ice        #####.       22%         2
 Searing Ray              Conj           #####.       22%         2
 Slow                     Hex            #####...     22%         2
 Swiftness                Air            #####...     22%         2
 Wereblood                Tmut           #####...     22%         2
 Confusing Touch          Hex            #####...     38%         3
 Conjure Flame            Conj/Fire      #####...     38%         3
 Dazzling Flash           Conj/Hex       #####.       38%         3
 Mephitic Cloud           Conj/Pois/Air  #####...     38%         3
 Spider Form              Tmut/Pois      #####.....   38%         3
 Static Discharge         Conj/Air       #####...     38%         3
 Tukima's Dance           Hex            #####...     38%         3
 Airstrike                Air            #####.....   80%         4
 Fulminant Prism          Conj/Hex       #####.....   80%         4
 Ice Form                 Ice/Tmut       #####...     80%         4
 Iskenderun's Mystic Bla  Conj/Tloc      #####...     80%         4
 Blade Hands              Tmut           #####.....   98%         5
 Irradiate                Conj/Tmut      #####.....   98%         5
 Lightning Bolt           Conj/Air       #####.....   98%         5
 Hydra Form               Tmut           #####.....   100%        6
 Statue Form              Tmut/Erth      #####....    100%        6
 Dragon Form              Tmut           #####.....   100%        7


Dungeon Overview and Level Annotations

Branches:
Dungeon (12/15)            Temple (0/1) D:5            Lair (0/6) D:10
    Orc (0/2) D:9

Altars:
Cheibriados
Dithmenos
Qazlal
Trog
Uskayaw
Vehumet
Wu Jian
Xom
Yredelemnul
The Shining One

Shops:
D:8 (

Annotations:
Abyss:1 Pikel


Innate Abilities, Weirdness & Mutations

Your experience applies equally to all skills.
You have very sharp teeth.
Your uncanny sense of smell can sniff out nearby items.
You have sharp fingernails.
Your mind is acute. (Int +2)


Message History

Unknown command.
You closely miss the brown ugly thing.
You bite the brown ugly thing, but do no damage.
The brown ugly thing is severely wounded.
The wyvern bites you but does no damage.
The brown ugly thing headbutts you.
You are splashed with acid!
The wyvern bites you!
Unknown command.
You barely miss the brown ugly thing.
The brown ugly thing is severely wounded.
The wyvern bites you. The brown ugly thing headbutts you!
* * * LOW HITPOINT WARNING * * *
You are splashed with acid!
* * * LOW HITPOINT WARNING * * *
The wyvern bites you.
* * * LOW HITPOINT WARNING * * *
The brown ugly thing headbutts you!
* * * LOW HITPOINT WARNING * * *
You are splashed with acid!
You die...

#..............#...
#..............#...
#....#######...#...
#....# #...#... #....#
#...#... #....#
#...#... #....#
#...#... ###....#
#...#... #...@u.#
#...#### ###...>l.#
###..... #........#
#..... #........#
####.#### #........#
#....#... #........#
#....#_.. #........#
#....#...
#........######....####
#......................


You could see a brown ugly thing and a wyvern.

Vanquished Creatures
  A two-headed ogre (D:12)
  Sonja (D:11)
  An unseen horror (D:11)
  An ugly thing (D:11)
  A gargoyle (D:12)
  A centaur zombie (D:11)
  Maggie (D:6)
  2 komodo dragons (D:12)
  An ancient zyme (Abyss:1)
  2 hornets
  Grinder (D:4)
  17 slime creatures
  A vampire (D:12)
  Eustachio (D:5)
  A wyvern (D:11)
  5 yaks
  A small abomination (Abyss:1)
  2 wargs (D:10)
  3 orc warriors
  3 sky beasts
  3 ice beasts (D:9)
  2 ogres
  A black bear (D:6)
  A necrophage (D:6)
  5 phantoms
  An eye of draining (D:12)
  11 centaurs
  7 bullfrogs
  5 scorpions
  A wyvern skeleton (D:12)
  17 killer bees
  3 wights (D:7)
  6 howler monkeys
  A crimson imp (Abyss:1)
  2 bullfrog zombies
  3 quasits
  4 hounds
  3 jellies
  6 orc priests
  A bullfrog skeleton (D:10)
  5 iguanas
  Ijyb (D:5)
  Natasha (twice) (D:3)
  12 orc wizards
  8 worker ants
  A hound skeleton (D:10)
  2 worker ant zombies
  A howler monkey zombie (D:11)
  7 gnolls
  23 adders
  3 shadow imps
  6 white imps
  2 ufetubi
  An ooze (D:6)
  2 adder skeletons (D:7)
  A worm (D:2)
  3 dart slugs
  3 leopard geckos
  26 orcs
  4 ball pythons
  9 bats
  4 giant cockroaches
  7 goblins
  3 hobgoblins
  3 jackals (D:3)
  6 quokkas
  5 frilled lizards
  A jackal zombie (D:5)
  7 kobolds
  9 rats
  A spectral orc (D:6)
298 creatures vanquished.

Vanquished Creatures (collateral kills)
  An adder (D:6)
1 creature vanquished.

Grand Total: 299 creatures vanquished

Notes
Turn   | Place    | Note
-------+----------+-------------------------------------------
     0 | Abyss:1  | Gargoyl the Gnoll Abyssal Knight began the quest for the
                  | Orb.
     0 | Abyss:1  | Reached XP level 1. HP: 23/23 MP: 3/3
   128 | Abyss:3  | Found a corrupted altar of Lugonu.
   133 | Abyss:3  | Noticed a small abomination
   175 | Abyss:3  | Noticed a ynoxinul
   176 | D:1      | Escaped the Abyss
   242 | D:1      | Reached XP level 2. HP: 28/29 MP: 5/5
   505 | D:1      | Reached * piety under Lugonu
   716 | D:1      | Reached XP level 3. HP: 35/35 MP: 6/6
  1117 | D:2      | Reached skill level 1 in Short Blades
  1117 | D:2      | Reached skill level 1 in Long Blades
  1117 | D:2      | Reached skill level 1 in Maces & Flails
  1117 | D:2      | Reached skill level 1 in Polearms
  1117 | D:2      | Reached skill level 1 in Staves
  1117 | D:2      | Reached skill level 1 in Slings
  1117 | D:2      | Reached skill level 1 in Bows
  1117 | D:2      | Reached skill level 1 in Crossbows
  1117 | D:2      | Reached skill level 1 in Throwing
  1117 | D:2      | Reached skill level 1 in Stealth
  1117 | D:2      | Reached skill level 1 in Shields
  1117 | D:2      | Reached skill level 1 in Unarmed Combat
  1117 | D:2      | Reached skill level 1 in Spellcasting
  1117 | D:2      | Reached skill level 1 in Evocations
  1159 | D:2      | Reached XP level 4. HP: 41/41 MP: 7/7
  1654 | D:2      | Found a bloodstained altar of Trog.
  1974 | D:3      | Reached skill level 1 in Conjurations
  1974 | D:3      | Reached skill level 1 in Hexes
  1974 | D:3      | Reached skill level 1 in Summonings
  1974 | D:3      | Reached skill level 1 in Necromancy
  1974 | D:3      | Reached skill level 1 in Translocations
  1974 | D:3      | Reached skill level 1 in Transmutations
  1974 | D:3      | Reached skill level 1 in Fire Magic
  1974 | D:3      | Reached skill level 1 in Ice Magic
  1974 | D:3      | Reached skill level 1 in Air Magic
  1974 | D:3      | Reached skill level 1 in Earth Magic
  1974 | D:3      | Reached skill level 1 in Poison Magic
  2001 | D:3      | Reached ** piety under Lugonu
  2111 | D:3      | Reached XP level 5. HP: 44/47 MP: 8/8
  2273 | D:3      | Noticed Natasha
  2282 | D:3      | Killed Natasha
  2628 | D:3      | Noticed Natasha
  2638 | D:3      | Killed Natasha
  2638 | D:3      | Reached skill level 5 in Invocations
  2638 | D:3      | Reached XP level 6. HP: 53/53 MP: 9/9
  3157 | D:4      | Noticed Grinder
  3162 | D:4      | Paralysed by Grinder for 6 turns
  3180 | D:4      | Killed Grinder
  3180 | D:4      | Reached skill level 5 in Axes
  3180 | D:4      | Reached skill level 5 in Armour
  3180 | D:4      | Reached XP level 7. HP: 47/59 MP: 10/10
  3618 | D:4      | Reached *** piety under Lugonu
  3845 | D:4      | Reached XP level 8. HP: 66/67 MP: 12/12
  3975 | D:5      | Entered Level 5 of the Dungeon
  4189 | D:5      | Found an ornate altar of the Wu Jian Council.
  4313 | D:5      | Found a staircase to the Ecumenical Temple.
  4317 | D:5      | Noticed Pikel
  4331 | D:5      | Banished Pikel
  4492 | D:5      | Noticed Eustachio
  4517 | D:5      | Killed Eustachio
  4663 | D:5      | Noticed Ijyb
  4677 | D:5      | Killed Ijyb
  4727 | D:5      | Reached XP level 9. HP: 65/72 MP: 14/14
  5076 | D:6      | Found a basalt altar of Yredelemnul.
  5076 | D:6      | Noticed Maggie
  5092 | D:6      | Killed Maggie
  5092 | D:6      | Reached skill level 5 in Dodging
  5669 | D:7      | Gained mutation: You have sharp fingernails. [potion of
                  | mutation]
  5669 | D:7      | Gained mutation: Your mind is acute. (Int +2) [potion of
                  | mutation]
  5672 | D:7      | Reached **** piety under Lugonu
  5686 | D:7      | Reached XP level 10. HP: 25/79 MP: 17/17
  6069 | D:8      | Found Mynih's Antique Weapon Emporium.
  6114 | D:7      | Reached skill level 5 in Short Blades
  6114 | D:7      | Reached skill level 5 in Long Blades
  6114 | D:7      | Reached skill level 5 in Maces & Flails
  6114 | D:7      | Reached skill level 5 in Polearms
  6114 | D:7      | Reached skill level 5 in Staves
  6114 | D:7      | Reached skill level 5 in Slings
  6114 | D:7      | Reached skill level 5 in Bows
  6114 | D:7      | Reached skill level 5 in Crossbows
  6114 | D:7      | Reached skill level 5 in Throwing
  6114 | D:7      | Reached skill level 5 in Stealth
  6114 | D:7      | Reached skill level 5 in Shields
  6114 | D:7      | Reached skill level 5 in Unarmed Combat
  6114 | D:7      | Reached skill level 5 in Spellcasting
  6114 | D:7      | Reached skill level 5 in Evocations
  6585 | D:7      | HP: 2/81 [orc warrior/+0 halberd (11)]
  6812 | D:8      | Got a dazzling long sword
  6813 | D:8      | Identified the cursed +1 long sword "Woahen" {protect,
                  | Stlth+} (You found it on level 8 of the Dungeon)
  6821 | D:8      | Found a radiant altar of Vehumet.
  7117 | D:9      | Found a stormy altar of Qazlal.
  7117 | D:9      | Found a glowing golden altar of the Shining One.
  7121 | D:9      | Found a snail-covered altar of Cheibriados.
  7168 | D:9      | Found a hide-covered altar of Uskayaw.
  7235 | D:9      | Found a staircase to the Orcish Mines.
  7352 | D:9      | Paralysed by a hornet for 1 turns
  7356 | D:9      | Paralysed by a hornet for 1 turns
  7873 | D:10     | Entered Level 10 of the Dungeon
  7895 | D:10     | Reached ***** piety under Lugonu
  7999 | D:10     | Got an ancient battleaxe
  8000 | D:10     | Identified the cursed +2 battleaxe of Keres {spect, rC+}
                  | (You found it on level 10 of the Dungeon)
  8080 | D:10     | Found a staircase to the Lair.
  8648 | D:11     | Reached XP level 11. HP: 75/87 MP: 19/19
  8922 | D:11     | Reached skill level 5 in Conjurations
  8922 | D:11     | Reached skill level 5 in Hexes
  8922 | D:11     | Reached skill level 5 in Summonings
  8922 | D:11     | Reached skill level 5 in Necromancy
  8922 | D:11     | Reached skill level 5 in Translocations
  8922 | D:11     | Reached skill level 5 in Transmutations
  8922 | D:11     | Reached skill level 5 in Fire Magic
  8922 | D:11     | Reached skill level 5 in Ice Magic
  8922 | D:11     | Reached skill level 5 in Air Magic
  8922 | D:11     | Reached skill level 5 in Earth Magic
  8922 | D:11     | Reached skill level 5 in Poison Magic
  8925 | D:11     | Found a shadowy altar of Dithmenos.
  9012 | D:11     | Found a shimmering altar of Xom.
  9024 | D:11     | Noticed Sonja
  9457 | D:11     | Killed Sonja
  9577 | D:11     | Killed an unseen horror
 10008 | D:10     | HP: 4/89 [slime creature (11)]
 10640 | D:12     | Reached XP level 12. HP: 83/96 MP: 22/22
 10706 | D:12     | Noticed a two-headed ogre
 10752 | Abyss:1  | Noticed a red very ugly thing
 10835 | D:12     | Escaped the Abyss
 10962 | D:11     | Paralysed by a hornet for 2 turns
 11024 | D:12     | Killed a two-headed ogre
 11167 | D:12     | Noticed a four-headed hydra
 11168 | D:12     | Banished a four-headed hydra
 11350 | D:11     | HP: 4/97 [brown ugly thing (12)]
 11350 | D:11     | Splashed by a brown ugly thing's acid

Illustrated notes

Levels and vault maps discovered:
D:1:      minmay_arrival_solitary_statue, layout_loops_cross,
          serial_bayou_pond_a, hex_medium
D:2:      layout_rooms, minmay_hedge_maze, trog_book
D:3:      layout_basic, uniq_natasha
D:4:      layout_gridville, st_stairs_2, minmay_snake_closets, uniq_grinder
D:5:      layout_loops_ring, kennysheep_mini_moat,
          minmay_temple_entry_large_hall, uniq_ijyb, uniq_eustachio, uniq_pikel
D:6:      layout_rooms, yredelemnul_forgotten_temple_becter, uniq_maggie
D:7:      layout_rooms
D:8:      layout_cave_pools, nicolae_overflow_crystal_walls, serial_shops,
          nicolae_shop_trees, kennysheep_generic_room_14
D:9:      layout_gridville, nicolae_overflow_quartered_altars, orc_0_dummy
D:10:     layout_rooms, erik_lair_orcish_takeover
D:11:     lemuel_upstairs_altar, layout_irregular_city, basic_altar,
          moated_statue, grunt_dithmenos_shadows, uniq_sonja
D:12:     layout_basic, serial_shops, kennysheep_mini, uniq_frances

Skill      XL: |  1  2  3  4  5  6  7  8  9 10 11 12 |
---------------+-------------------------------------+-----
Short Blades   | 1 2 3 4 5 6 7 |  7.2
Long Blades    | 1 2 3 4 5 6 7 |  7.2
Maces & Flails | 1 2 3 4 5 6 7 |  7.2
Polearms       | 1 2 3 4 5 6 7 |  7.2
Staves         | 1 2 3 4 5 6 7 |  7.2
Slings         | 1 2 3 4 5 6 7 |  7.2
Bows           | 1 2 3 4 5 6 7 |  7.2
Crossbows      | 1 2 3 4 5 6 7 |  7.2
Throwing       | 1 2 3 4 5 6 7 |  7.2
Stealth        | 1 2 3 4 5 6 7 |  7.2
Shields        | 1 2 3 4 5 6 7 |  7.2
Unarmed Combat | 1 2 3 4 5 6 7 |  7.2
Spellcasting   | 1 2 3 4 5 6 7 |  7.2
Evocations     | 1 2 3 4 5 6 7 |  7.2
Conjurations   | 1 2 3 4 5 6 |  6.0
Hexes          | 1 2 3 4 5 6 |  6.0
Summonings     | 1 2 3 4 5 6 |  6.0
Necromancy     | 1 2 3 4 5 6 |  6.0
Translocations | 1 2 3 4 5 6 |  6.0
Transmutations | 1 2 3 4 5 6 |  6.0
Fire Magic     | 1 2 3 4 5 6 |  6.0
Ice Magic      | 1 2 3 4 5 6 |  6.0
Air Magic      | 1 2 3 4 5 6 |  6.0
Earth Magic    | 1 2 3 4 5 6 |  6.0
Poison Magic   | 1 2 3 4 5 6 |  6.0
Dodging        | 3 4 5 6 7 |  7.7
Invocations    | 5 6 7 8 9 |  9.2
Axes           | 5 6 7 8 |  8.6
Armour         | 5 6 7 8 |  8.6
Fighting       | 7 8 9 |  9.8

Action                   |  1- 3 |  4- 6 |  7- 9 | 10-12 || total
-------------------------+-------+-------+-------+-------++-------
Melee: Great sword       |    74 |   134 |   230 |   512 ||   950
       Bite              |     6 |    17 |    28 |    73 ||   124
       Battleaxe         |       |       |       |    22 ||    22
Throw: Dart              |       |       |       |    13 ||    13
Invok: Depart the Abyss  |     1 |       |       |     1 ||     2
       Banish            |       |       |     1 |     1 ||     2
       Bend Space        |       |       |       |     3 ||     3
       Enter the Abyss   |       |       |       |     1 ||     1
  Use: Scroll            |     2 |    10 |     4 |    16 ||    32
       Potion            |     1 |       |     3 |     6 ||    10
Armor: Ring mail         |    28 |       |       |       ||    28
       Plate armour      |    46 |   152 |   229 |   572 ||   999
       Skin              |       |     4 |       |       ||     4
Dodge: Dodged            |    64 |    53 |   131 |   369 ||   617
       Rpst.: Great sword |    21 |    24 |    47 |   110 ||   202

Table legend: (Time is in decaauts)
 A = Elapsed time spent in this place.
 B = Non-inter-level travel time spent in this place.
 C = Inter-level travel time spent in this place.
 D = Time resting spent in this place.
 E = Time spent auto-exploring this place.
 F = Levels seen in this place.
 G = Mean time per level.
                   A        B        C        D        E       F      G
               +--------+--------+--------+--------+--------+-----+--------+
         Total |  11915 |  11690 |    225 |   2315 |   6153 |  16 |  744.7 |
       Dungeon |  11607 |  11382 |    225 |   2254 |   6026 |  12 |  967.2 |
         Abyss |    307 |    307 |      0 |     61 |    127 |   4 |   76.8 |
               +--------+--------+--------+--------+--------+-----+--------+

Top non-repeatable levels by time:
    D:11: 1892 daAuts
     D:3: 1233 daAuts
     D:4: 1082 daAuts
     D:7: 1031 daAuts
     D:2: 989 daAuts
    D:10: 902 daAuts
     D:9: 901 daAuts
     D:5: 892 daAuts
    D:12: 730 daAuts
     D:8: 702 daAuts
     D:1: 690 daAuts
     D:6: 559 daAuts
 Abyss:1: 221 daAuts
 Abyss:3: 54 daAuts
 Abyss:2: 31 daAuts
